| TOP OF THE 1ST |
|
Salem Rebels batting - Pitching for Peninsula Panthers : RHP Steve Daniels
|
|
Pitching: RHP Steve Daniels
|
|
|
Batting: RHB Gary Leslie
|
0-0: Ball 1-0: Called Strike 1-1: Called Strike 1-2: Ball 2-2: Ball 3-2: Foul Ball, location: 2F 3-2: Base on Balls
|
|
Batting: RHB Daniel Szajko
|
0-0: Ball 1-0: Fly out, F9 (Flyball, 89S, EV 93.8 MPH)
|
|
Batting: LHB Thomas Krupa
|
0-0: Ball 1-0: Called Strike 1-1: Ball 2-1: Called Strike 2-2: Ball 3-2: SINGLE (Line Drive, 9S, EV 98.1 MPH) Gary Leslie to second
|
|
Batting: RHB Jorge Monroig
|
0-0: Swinging Strike 0-1: Foul Ball, location: 2F 0-2: Foul Ball, location: 2F 0-2: Foul Ball, location: 2F 0-2: Fly out, F9 (Flyball, 89D, EV 89.4 MPH) Runner from 2nd tags up, SAFE at 3rd, no throw by RF
|
|
Batting: RHB Robert O'Connor
|
0-0: Ball 1-0: Fielders Choice at 2nd, 6-4 (Groundball, 6, EV 90.0 MPH)
|
| Top of the 1st over - 0 runs, 1 hit, 0 errors, 2 left on base; Salem 0 - Peninsula 0 |
| BOTTOM OF THE 1ST |
|
Peninsula Panthers batting - Pitching for Salem Rebels : RHP Andrew Madden
|
|
Pitching: RHP Andrew Madden
|
|
|
Batting: SHB Vince Coleman
|
0-0: Foul Ball, location: 2F 0-1: Ball 1-1: Swinging Strike 1-2: Ball 2-2: Ball 3-2: Fly out, F5 (Popup, 5SF, EV 69.4 MPH)
|
|
Batting: LHB Randy Harvey
|
0-0: Ball 1-0: Ball 2-0: Reached on error, E8 (Flyball, 8LXD, EV 100.6 MPH)
|
|
Batting: RHB David Stokes
|
0-0: Foul Ball, location: 2F 0-1: Ball 1-1: Foul Ball, location: 2F 1-2: Reached on error, E5 (Groundball, 56S, EV 91.3 MPH) Randy Harvey scores
|
|
Batting: LHB Ted French
|
0-0: Ball 1-0: Foul Ball, location: 2F 1-1: Foul Ball, location: 2F 1-2: Foul Ball, location: 2F 1-2: Ball 2-2: Ball 3-2: Fly out, F8 (Line Drive, 8LD, EV 89.4 MPH)
|
|
Batting: SHB Steven Malito
|
0-0: Foul Ball, location: 2F 0-1: Foul Ball, location: 2F 0-2: Ball 1-2: Ball 2-2: Ground out 4-3 (Groundball, 4, EV 91.9 MPH)
|
| Bottom of the 1st over - 1 run, 0 hits, 2 errors, 1 left on base; Salem 0 - Peninsula 1 |
| TOP OF THE 2ND |
|
Salem Rebels batting - Pitching for Peninsula Panthers : RHP Steve Daniels
|
|
Batting: RHB Melvin Williams
|
0-0: Ball 1-0: Fly out, F4 (Popup, 34S, EV 82.5 MPH)
|
|
Batting: SHB Kelvin Hudson
|
0-0: Called Strike 0-1: Ball 1-1: Foul Ball, location: 2F 1-2: Ball 2-2: Ball 3-2: Foul Ball, location: 2F 3-2: Fly out, F9 (Flyball, 9S, EV 91.9 MPH)
|
|
Batting: RHB David Smith
|
0-0: Called Strike 0-1: Ball 1-1: Ball 2-1: SINGLE (Line Drive, 7S, EV 86.9 MPH)
|
|
Batting: RHB Mark Krynitsky
|
0-0: Called Strike 0-1: Ball 1-1: Foul Ball, location: 2F 1-2: Fielders Choice at 2nd, 6-4 (Groundball, 6, EV 110.6 MPH)
|
| Top of the 2nd over - 0 runs, 1 hit, 0 errors, 1 left on base; Salem 0 - Peninsula 1 |
| BOTTOM OF THE 2ND |
|
Peninsula Panthers batting - Pitching for Salem Rebels : RHP Andrew Madden
|
|
Batting: SHB Romel Beck
|
0-0: Called Strike 0-1: Ball 1-1: Ground out 5-3 (Groundball, 56S, EV 73.1 MPH)
|
|
Batting: RHB Lawrence McGee
|
0-0: Ball 1-0: Ball 2-0: Ball 3-0: Base on Balls
|
|
Batting: RHB Franklin McKinney
|
0-0: Swinging Strike 0-1: Ball 1-1: Foul Ball, location: 2F 1-2: Strikes out looking
|
|
Batting: RHB David Stevens
|
0-0: Called Strike Lawrence McGee steals 2nd base 0-1: Swinging Strike 0-2: Ball 1-2: Foul Ball, location: 2F 1-2: Strikes out swinging
|
| Bottom of the 2nd over - 0 runs, 0 hits, 0 errors, 1 left on base; Salem 0 - Peninsula 1 |
| TOP OF THE 3RD |
|
Salem Rebels batting - Pitching for Peninsula Panthers : RHP Steve Daniels
|
|
Batting: RHB Gary Leslie
|
0-0: Ball 1-0: Swinging Strike 1-1: Ground out 5-3 (Groundball, 56, EV 100.0 MPH)
|
|
Batting: RHB Daniel Szajko
|
0-0: Ball 1-0: Called Strike 1-1: Reached on error, E3 (Groundball, 34, EV 90.6 MPH)
|
|
Batting: LHB Thomas Krupa
|
0-0: Ball 1-0: Called Strike 1-1: Ball 2-1: Foul Ball, location: 2F 2-2: Strikes out swinging
|
|
Batting: RHB Jorge Monroig
|
0-0: Ball 1-0: Ground out 4-3 (Groundball, 4, EV 85.6 MPH)
|
| Top of the 3rd over - 0 runs, 0 hits, 1 error, 1 left on base; Salem 0 - Peninsula 1 |
| BOTTOM OF THE 3RD |
|
Peninsula Panthers batting - Pitching for Salem Rebels : RHP Andrew Madden
|
|
Batting: SHB Vince Coleman
|
0-0: Called Strike 0-1: Foul Ball, location: 2F 0-2: Ball 1-2: Reached via error on a dropped throw from 1B, E1 (Groundball, 34, EV 80.6 MPH)
|
|
Batting: LHB Randy Harvey
|
0-0: Ball 1-0: Foul Ball, location: 2F 1-1: Ball 2-1: Grounds into double play, 4-6-3 (Groundball, 4, EV 103.1 MPH)
|
|
Batting: RHB David Stokes
|
0-0: DOUBLE (Line Drive, 7LS, EV 95.0 MPH)
|
|
Batting: LHB Ted French
|
0-0: Ball 1-0: Called Strike 1-1: Foul Ball, location: 2F 1-2: Ball 2-2: Ball 3-2: Ground out 4-3 (Groundball, 34D, EV 103.1 MPH)
|
| Bottom of the 3rd over - 0 runs, 1 hit, 1 error, 1 left on base; Salem 0 - Peninsula 1 |
| TOP OF THE 4TH |
|
Salem Rebels batting - Pitching for Peninsula Panthers : RHP Steve Daniels
|
|
Batting: RHB Robert O'Connor
|
0-0: Fly out, F8 (Flyball, 89D, EV 94.4 MPH)
|
|
Batting: RHB Melvin Williams
|
0-0: Ball 1-0: Ball 2-0: Called Strike 2-1: Hit by Pitch
|
|
Batting: SHB Kelvin Hudson
|
0-0: Ball 1-0: Fielders Choice at 2nd, 3-6 (Groundball, 3, EV 103.1 MPH)
|
|
Batting: RHB David Smith
|
0-0: Called Strike Kelvin Hudson steals 2nd base 0-1: Ball 1-1: Ball 2-1: Ball 3-1: Foul Ball, location: 2F 3-2: SINGLE (Flyball, 89S, EV 91.9 MPH) Kelvin Hudson to third Kelvin Hudson scores
|
|
Batting: RHB Mark Krynitsky
|
0-0: Called Strike 0-1: Ball 1-1: Ball 2-1: Foul Ball, location: 2F 2-2: Fielders Choice at 2nd, 6-4 (Groundball, 6, EV 86.3 MPH)
|
| Top of the 4th over - 1 run, 1 hit, 0 errors, 1 left on base; Salem 1 - Peninsula 1 |
| BOTTOM OF THE 4TH |
|
Peninsula Panthers batting - Pitching for Salem Rebels : RHP Andrew Madden
|
|
Batting: SHB Steven Malito
|
0-0: Ball 1-0: Ground out U3 (Groundball, 3D, EV 98.8 MPH)
|
|
Batting: SHB Romel Beck
|
0-0: SINGLE (Line Drive, 8RS, EV 90.6 MPH)
|
|
Batting: RHB Lawrence McGee
|
0-0: Ball 1-0: Ball 2-0: Ball 3-0: Base on Balls Romel Beck to second
|
|
Batting: RHB Franklin McKinney
|
0-0: Ball 1-0: Ball 2-0: Ball 3-0: Base on Balls Romel Beck to third Lawrence McGee to second
|
|
Batting: RHB David Stevens
|
0-0: Swinging Strike 0-1: Foul Ball, location: 2F 0-2: Strikes out swinging
|
|
Batting: SHB Vince Coleman
|
0-0: Ball 1-0: Called Strike 1-1: Ball 2-1: Called Strike 2-2: Foul Ball, location: 2F 2-2: Foul Ball, location: 2F 2-2: Ball 3-2: Foul Ball, location: 2F 3-2: Fly out, F9 (Flyball, 9D, EV 99.4 MPH)
|
| Bottom of the 4th over - 0 runs, 1 hit, 0 errors, 3 left on base; Salem 1 - Peninsula 1 |
| TOP OF THE 5TH |
|
Salem Rebels batting - Pitching for Peninsula Panthers : RHP Steve Daniels
|
|
Batting: RHB Gary Leslie
|
0-0: Ball 1-0: Called Strike 1-1: Foul Ball, location: 2F 1-2: Ball 2-2: Foul Ball, location: 2F 2-2: Ball 3-2: Fly out, F7 (Flyball, 7, EV 95.6 MPH)
|
|
Batting: RHB Daniel Szajko
|
0-0: Fly out, F9 (Flyball, 89M, EV 90.0 MPH)
|
|
Batting: LHB Thomas Krupa
|
0-0: Ball 1-0: Called Strike 1-1: Fly out, F8 (Flyball, 8RM, EV 80.0 MPH)
|
| Top of the 5th over - 0 runs, 0 hits, 0 errors, 0 left on base; Salem 1 - Peninsula 1 |
| BOTTOM OF THE 5TH |
|
Peninsula Panthers batting - Pitching for Salem Rebels : RHP Andrew Madden
|
|
Batting: LHB Randy Harvey
|
0-0: Ball 1-0: Swinging Strike 1-1: Ball 2-1: Called Strike 2-2: Foul Ball, location: 2F 2-2: Ball 3-2: Base on Balls
|
|
Batting: RHB David Stokes
|
0-0: Foul Ball, location: 2F 0-1: Ball 1-1: Called Strike 1-2: Ball 2-2: Ball 3-2: Fly out, F4 (Line Drive, 4, EV 61.3 MPH)
|
|
Batting: LHB Ted French
|
0-0: Ball 1-0: Swinging Strike 1-1: Called Strike 1-2: Foul Ball, location: 2F 1-2: Ball 2-2: Foul Ball, location: 2F 2-2: Grounds into double play, 4-6-3 (Groundball, 4, EV 106.9 MPH)
|
| Bottom of the 5th over - 0 runs, 0 hits, 0 errors, 0 left on base; Salem 1 - Peninsula 1 |
| TOP OF THE 6TH |
|
Salem Rebels batting - Pitching for Peninsula Panthers : RHP Steve Daniels
|
|
Pitching: RHP Guy Jones
|
|
|
Batting: RHB Jorge Monroig
|
0-0: Ball 1-0: Foul Ball, location: 2F 1-1: Fly out, F8 (Flyball, 78M, EV 86.3 MPH)
|
|
Batting: RHB Robert O'Connor
|
0-0: Ball 1-0: SINGLE (Flyball, 6D, EV 87.5 MPH)
|
|
Batting: RHB Melvin Williams
|
0-0: Fly out, F7 (Flyball, 78D, EV 88.8 MPH)
|
|
Batting: SHB Kelvin Hudson
|
0-0: Called Strike 0-1: Called Strike 0-2: Ball 1-2: Ball 2-2: Strikes out swinging
|
| Top of the 6th over - 0 runs, 1 hit, 0 errors, 1 left on base; Salem 1 - Peninsula 1 |
| BOTTOM OF THE 6TH |
|
Peninsula Panthers batting - Pitching for Salem Rebels : RHP Andrew Madden
|
|
Batting: SHB Steven Malito
|
0-0: Called Strike 0-1: Called Strike 0-2: Ball 1-2: Ball 2-2: Ball 3-2: SINGLE (Groundball, 25, EV 61.3 MPH) (infield hit)
|
|
Batting: SHB Romel Beck
|
0-0: Fielders Choice at 2nd, 4-6 (Groundball, 4, EV 85.0 MPH)
|
|
Batting: RHB Lawrence McGee
|
0-0: Ball Romel Beck is caught stealing 2nd base 2-4 1-0: Called Strike 1-1: Ball 2-1: Foul Ball, location: 2F 2-2: Foul Ball, location: 2F 2-2: Foul Ball, location: 2F 2-2: Foul Ball, location: 2F 2-2: Ball 3-2: Fly out, F8 (Line Drive, 8RM, EV 90.6 MPH)
|
| Bottom of the 6th over - 0 runs, 1 hit, 0 errors, 0 left on base; Salem 1 - Peninsula 1 |
| TOP OF THE 7TH |
|
Salem Rebels batting - Pitching for Peninsula Panthers : RHP Guy Jones
|
|
Batting: RHB David Smith
|
0-0: Called Strike 0-1: SINGLE (Groundball, 3S, EV 70.6 MPH) (infield hit)
|
|
Batting: RHB Mark Krynitsky
|
0-0: Sac Bunt to 13S - play at first, batter OUT! 1-4 David Smith to second
|
|
Batting: RHB Gary Leslie
|
0-0: Ball 1-0: Swinging Strike 1-1: Called Strike 1-2: Foul Ball, location: 2F 1-2: Ground out 3-1 (Groundball, 34, EV 86.9 MPH) David Smith to third
|
|
Batting: RHB Daniel Szajko
|
0-0: Ball 1-0: Foul Ball, location: 2F 1-1: Foul Ball, location: 2F 1-2: Ball 2-2: Foul Ball, location: 2F 2-2: Foul Ball, location: 2F 2-2: Ball 3-2: Foul Ball, location: 2F 3-2: Fly out, F7 (Flyball, 7S, EV 88.8 MPH)
|
| Top of the 7th over - 0 runs, 1 hit, 0 errors, 1 left on base; Salem 1 - Peninsula 1 |
| BOTTOM OF THE 7TH |
|
Peninsula Panthers batting - Pitching for Salem Rebels : RHP Andrew Madden
|
|
Batting: RHB Franklin McKinney
|
0-0: Hit by Pitch
|
|
Batting: RHB David Stevens
|
0-0: Ball 1-0: Ball 2-0: Called Strike 2-1: Foul Ball, location: 2F 2-2: Foul Ball, location: 2F 2-2: Ball 3-2: Strikes out swinging Franklin McKinney steals 2nd base Batter strikes out.
|
|
Batting: SHB Vince Coleman
|
0-0: Ball 1-0: Foul Ball, location: 2F 1-1: Ball 2-1: Ball 3-1: Called Strike 3-2: Base on Balls
|
|
Batting: LHB Randy Harvey
|
0-0: Called Strike 0-1: Foul Ball, location: 2F 0-2: 3-RUN HOME RUN (Flyball, 9D, EV 97.5 MPH), Distance : 370 ft
|
|
Batting: RHB David Stokes
|
0-0: Called Strike 0-1: Ball 1-1: Foul Ball, location: 2F 1-2: Strikes out looking
|
|
Batting: LHB Ted French
|
0-0: Foul Ball, location: 2F 0-1: Ball 1-1: Foul Ball, location: 2F 1-2: Ball 2-2: Ball 3-2: Foul Ball, location: 2F 3-2: TRIPLE (Flyball, 89XD, EV 91.9 MPH)
|
|
Pitching: LHP Wilberto Rohena
|
|
|
Batting: SHB Steven Malito
|
0-0: Foul Ball, location: 2F 0-1: Called Strike 0-2: Ball 1-2: Foul Ball, location: 2F 1-2: Fly out, F8 (Flyball, 8LM, EV 90.6 MPH)
|
| Bottom of the 7th over - 3 runs, 2 hits, 0 errors, 1 left on base; Salem 1 - Peninsula 4 |
| TOP OF THE 8TH |
|
Salem Rebels batting - Pitching for Peninsula Panthers : RHP Guy Jones
|
|
Batting: LHB Thomas Krupa
|
0-0: Foul Ball, location: 2F 0-1: Reached on error, E6 (Groundball, 6, EV 105.6 MPH)
|
|
Batting: RHB Jorge Monroig
|
0-0: Ball Passed Ball! Thomas Krupa to second 1-0: Ball 2-0: Called Strike 2-1: Foul Ball, location: 2F 2-2: Foul Ball, location: 2F 2-2: Strikes out looking
|
|
Batting: RHB Robert O'Connor
|
0-0: Ball 1-0: Ball 2-0: Foul Ball, location: 2F 2-1: Swinging Strike 2-2: Foul Ball, location: 2F 2-2: Fly out, F9 (Flyball, 89S, EV 87.5 MPH)
|
|
Batting: RHB Melvin Williams
|
0-0: Ground out 6-3 (Groundball, 6, EV 87.5 MPH)
|
| Top of the 8th over - 0 runs, 0 hits, 1 error, 1 left on base; Salem 1 - Peninsula 4 |
| BOTTOM OF THE 8TH |
|
Peninsula Panthers batting - Pitching for Salem Rebels : LHP Wilberto Rohena
|
|
Batting: SHB Romel Beck
|
0-0: Foul Ball, location: 2F 0-1: Swinging Strike 0-2: Ball 1-2: Foul Ball, location: 2F 1-2: Foul Ball, location: 2F 1-2: Ground out 5-3 (Groundball, 5S, EV 81.3 MPH)
|
|
Batting: RHB Lawrence McGee
|
0-0: Swinging Strike 0-1: Ball 1-1: Ball 2-1: Ball 3-1: Fly out, F7 (Flyball, 7, EV 93.1 MPH)
|
|
Batting: RHB Franklin McKinney
|
0-0: Ball 1-0: Ball 2-0: Ground out 5-3 (Groundball, 5, EV 80.0 MPH)
|
| Bottom of the 8th over - 0 runs, 0 hits, 0 errors, 0 left on base; Salem 1 - Peninsula 4 |
| TOP OF THE 9TH |
|
Salem Rebels batting - Pitching for Peninsula Panthers : RHP Guy Jones
|
|
Batting: SHB Kelvin Hudson
|
0-0: Foul Ball, location: 2F 0-1: Fly out, F7 (Flyball, 7, EV 95.6 MPH)
|
|
Batting: RHB David Smith
|
0-0: Foul Ball, location: 2F 0-1: Ball 1-1: Foul Ball, location: 2F 1-2: Foul Ball, location: 2F 1-2: Ground out 4-3 (Groundball, 4, EV 108.1 MPH)
|
|
Batting: RHB Mark Krynitsky
|
0-0: Ball 1-0: Swinging Strike 1-1: Ball 2-1: Swinging Strike 2-2: Strikes out swinging
|
| Top of the 9th over - 0 runs, 0 hits, 0 errors, 0 left on base; Salem 1 - Peninsula 4 |
|